 Dungeon Crawl Stone Soup version 0.15.2 (webtiles) character file.

375 Huymann the Magician (level 6, -3/37 HPs)
             Began as a High Elf Fire Elementalist on Mar 18, 2015.
             Shot with an arrow by a centaur (5 damage)
             ... on Level 5 of the Dungeon.
             The game lasted 00:35:26 (4276 turns).

Huymann the Magician (High Elf Fire Elementalist)   Turns: 4276, Time: 00:35:26

HP  -3/37        AC  7     Str  7      XL: 6   Next: 44%
MP  10/19        EV 14     Int 21      God:
Gold 194         SH  0     Dex 16      Spells:  4 memorised,  5 levels left

rFire  . . .     SeeInvis .     t - +0 blowgun
rCold  . . .     Clarity  .     a - +0 robe
rNeg   . . .     rCorr    .     (no shield)
rPois  .         rRot     .     (no helmet)
rElec  .         Spirit   .     i - +2 cloak {MR+}
SustAb .         Warding  .     g - +0 pair of gloves (curse)
rMut   .         Stasis   .     j - +0 pair of boots
Gourm  .                        (no amulet)
MR     +....                    (no ring)
                                (no ring)

@: somewhat resistant to hostile enchantments, unstealthy
A: no striking features
a: no special abilities


You were on level 5 of the Dungeon.
You were not hungry.

You visited 1 branch of the dungeon, and saw 5 of its levels.

You collected 194 gold pieces.

Inventory:

Hand weapons
 d - a +0 dagger
 n - a +2 hunting sling of flaming
 t - a +0 blowgun (weapon)
Missiles
 m - 15 poisoned needles (quivered)
 q - 16 sling bullets
 u - 5 javelins
Armour
 a - a +0 robe (worn)
 g - a cursed +0 pair of gloves (worn)
 i - a +2 cloak of magic resistance (worn)
 j - a +0 pair of boots (worn)
Comestibles
 c - 2 bread rations
 h - a chunk of worm flesh
 r - a meat ration
 w - a rotting chunk of hobgoblin flesh
 x - 3 rotting chunks of orc flesh
Scrolls
 f - 3 scrolls of immolation
 o - a scroll of magic mapping
 p - a scroll of identify
 v - a scroll of blinking {unknown}
Potions
 e - a potion of curing
 k - 2 potions of might {unknown}
 l - a potion of magic {unknown}
 s - 2 potions of lignification {unknown}
Books
 b - a book of Flames

   Spells                             Type                      Level
   *Flame Tongue                      Conjuration/Fire             1
   *Throw Flame                       Conjuration/Fire             2
   *Conjure Flame                     Conjuration/Fire             3
   *Inner Flame                       Hexes/Fire                   3
   Sticky Flame                       Conjuration/Fire             4
   Fireball                           Conjuration/Fire             5


   Skills:
 + Level 0.6 Fighting
 + Level 0.8 Short Blades
 + Level 0.2 Throwing
 + Level 3.7 Dodging
 + Level 2.8 Stealth
 * Level 4.8 Spellcasting
 * Level 3.5 Conjurations
 + Level 3.8 Fire Magic


You had 5 spell levels left.
You knew the following spells:

 Your Spells              Type           Power        Failure   Level  Hunger
a - Flame Tongue          Conj/Fire      ###..        2%          1    None
b - Conjure Flame         Conj/Fire      ###.....     10%         3    ##.....
c - Inner Flame           Hex/Fire       ##......     17%         3    ##.....
d - Throw Flame           Conj/Fire      ###...       4%          2    None


Dungeon Overview and Level Annotations

Branches:
Dungeon (5/15)
 Temple: D:4-7

Altars:
Fedhas
Okawaru

Annotations:
D:4 Grinder; Huymann's ghost, average HEFE


Message History

The centaur shoots an arrow.
The arrow misses you.
Casting: Throw Flame
Confirm with . or Enter, or press ? or * to list all spells.
Aiming: Throw Flame
Press: ? - help, Shift-Dir - straight line, f/p - centaur
Aim: a centaur, wielding a shortbow (moderately wounded, poisoned, inner flame)
The puff of flame hits the centaur.
The centaur is heavily wounded.
The centaur shoots an arrow.
The arrow barely misses you.
Casting: Throw Flame
Confirm with . or Enter, or press ? or * to list all spells.
Aiming: Flame Tongue
Press: ? - help, Shift-Dir - straight line, f/p - centaur
Aim: a centaur, wielding a shortbow (heavily wounded, poisoned, inner flame)
The flame tongue hits the centaur.
The centaur is severely wounded.
The centaur shoots an arrow.
The arrow hits you.
* * * LOW HITPOINT WARNING * * *
The centaur shoots an arrow.
The arrow hits you.
You die...

#(..c.... ######......###
...#............
....#...(........ #####
...$..............#...####
###....#$.....#####.......
+......c(.................
###....c(####.#####.......
####...@(....# #...####
#####..........# ##...#
#.......#..(.(.###....#
#.......#(..(...##....#
#.......#.......##....###
#####...#.......##......#
#.......##....#+#...#
###.....##....# #...#
#.....##....# #####


You could see 2 centaurs.

Vanquished Creatures
  A scorpion (D:5)
  An orc priest (D:4)
  A hound (D:4)
  An orc wizard (D:4)
  4 worker ants
  7 adders
  3 worms
  A giant gecko (D:2)
  3 orcs
  5 giant cockroaches
  9 goblins
  9 hobgoblins
  3 jackals (D:1)
  A quokka (D:3)
  10 bats
  A giant newt (D:4)
  6 kobolds
  11 rats
  A rat skeleton (D:4)
78 creatures vanquished.

Notes
Turn   | Place    | Note
--------------------------------------------------------------
     0 | D:1      | Huymann, the High Elf Fire Elementalist, began the quest for the Orb.
     0 | D:1      | Reached XP level 1. HP: 11/11 MP: 4/4
   213 | D:1      | Reached XP level 2. HP: 17/17 MP: 0/6
  1323 | D:1      | Reached XP level 3. HP: 13/21 MP: 8/8
  1452 | D:2      | Found a blossoming altar of Fedhas.
  1671 | D:2      | Learned a level 3 spell: Conjure Flame
  1703 | D:2      | Learned a level 3 spell: Inner Flame
  2119 | D:2      | Reached XP level 4. HP: 27/27 MP: 3/12
  2488 | D:2      | Found an iron altar of Okawaru.
  2659 | D:3      | Noticed Huymann's ghost (average HEFE)
  3108 | D:4      | Reached XP level 5. HP: 30/32 MP: 12/15
  3174 | D:4      | Noticed Grinder
  3521 | D:4      | Learned a level 2 spell: Throw Flame
  3551 | D:4      | Reached skill level 4 in Spellcasting
  3885 | D:4      | HP: 1/32 [orc priest/divine providence (13)]
  3888 | D:4      | Reached XP level 6. HP: 11/37 MP: 4/18
  4086 | D:4      | Noticed Huymann's ghost (average HEFE)
  4163 | D:5      | Entered Level 5 of the Dungeon
  4276 | D:5      | Shot with an arrow by a centaur

Action                   |  1- 3 |  4- 6 || total
-------------------------+-------+-------++-------
Melee: Dagger            |    77 |    66 ||   143
 Fire: Blowgun           |       |    19 ||    19
 Cast: Flame Tongue      |    54 |    65 ||   119
       Conjure Flame     |     3 |     3 ||     6
       Inner Flame       |     1 |     2 ||     3
       Throw Flame       |       |     2 ||     2
  Use: Scroll            |     3 |     2 ||     5
       Potion            |       |     2 ||     2
 Stab: Sleeping          |     2 |     3 ||     5
       Distracted        |     1 |       ||     1
  Eat: Chunk             |     4 |     8 ||    12
